[Event "Titled Tuesday Blitz April 18 Late 2023"]
[White "Rose, Felix"]
[Black "Jaskolka, Tomasz"]
[WhiteFideId "5105722"]
[BlackFideId "1170791"]
[WhiteElo "2039"]
[BlackElo "2155"]
[Result "0-1"]
[Round "09"]
[TimeControl "180+2"]
[Date "2023.04.18"]
[WhiteClock "0:00:03"]
[BlackClock "0:00:16"]

1. e4 c5 2. Nf3 e6 3. d4 cxd4 4. Nxd4 Nc6 5. Nc3 Qc7 6. Be3 a6 7. Qf3 Nf6 8. O-O-O Ne5 9. Qg3 h5 10. f4 Neg4 11. Bd2 b5 12. e5 b4 13. exf6 bxc3 14. Bxc3 Nxf6 15. Bd3 Bb7 16. Rhe1 Nd5 17. Bd2 g6 18. f5 Qxg3 19. hxg3 gxf5 20. Nxf5 O-O-O 21. Ne3 Bd6 22. Nxd5 Bxd5 23. Bxa6+ Kc7 24. Ba5+ Kc6 25. Bxd8 Rxd8 26. c4 Bxg2 27. Bb5+ Kc7 28. Re3 h4 29. Red3 Bxg3 30. Rxd7+ Rxd7 31. Rxd7+ Kb6 32. Rxf7 h3 33. a4 h2 34. Rh7 Kc5 35. Rh5+ Kb4 36. a5 h1=Q+ 37. Rxh1 Bxh1 38. a6 Bf4+ 39. Kc2 Be4+ 40. Kd1 Kc5 41. a7 Kb6 42. b4 Kxa7 43. c5 e5 44. Bc4 Kb7 45. b5 Be3 46. c6+ Kb6 47. Ke2 Bd4 48. Kd2 Kc7 49. Bf1 Kd6 50. Bc4 Bb6 51. Bf1 Kc5 52. Kc3 Ba5+ 53. Kb3 Bd5+ 54. Kc2 Bb6 55. Bd3 Bc4 0-1


[Site "https://www.chess.com"]

[Event "Titled Tuesday Blitz April 18 Late 2023"]
[White "Storey, Charles H"]
[Black "Estremera Panos, Sergio"]
[WhiteFideId "406686"]
[BlackFideId "2200864"]
[WhiteElo "2196"]
[BlackElo "2253"]
[Result "1-0"]
[Round "09"]
[TimeControl "180+2"]
[Date "2023.04.18"]
[WhiteClock "0:00:14"]
[BlackClock "0:01:12"]

1. e4 c5 2. Nf3 Nc6 3. Bb5 Nf6 4. Bxc6 dxc6 5. d3 g6 6. h3 Bg7 7. O-O Nd7 8. Nc3 e5 9. Be3 b6 10. Qd2 Nf8 11. Bh6 Bxh6 12. Qxh6 Ne6 13. Nxe5 Qd6 14. f4 Bb7 15. Nc4 Qd4+ 16. Kh1 O-O-O 17. f5 Nc7 18. Qe3 Qg7 19. f6 Qf8 20. e5 Ne6 21. Nd6+ Kb8 22. Nce4 Nd4 23. Rf2 h5 24. c3 Ne6 25. Re1 h4 26. d4 cxd4 27. cxd4 Rh5 28. Rc2 c5 29. Nxb7 Kxb7 30. dxc5 Rc8 31. Nd6+ Kb8 32. Nxc8 Qxc8 33. c6 Nc7 34. Rd2 Rh8 35. Rd7 Re8 36. Qb3 Na6 37. Rb7+ Ka8 38. Qxf7 Nc5 39. Rxa7+ Kb8 40. Ra3 Qxc6 41. Qa7+ Kc8 42. f7 Rd8 43. f8=Q Rxf8 44. Qa8+ Kc7 45. Qxf8 Nd7 46. Qd6+ Qxd6 47. exd6+ Kxd6 48. Rd3+ Kc5 49. Rc1+ Kb5 50. Rxd7 g5 51. Rd5+ Ka6 52. Rxg5 b5 53. Rg4 b4 54. Rxh4 b3 55. axb3 Kb5 56. Rhc4 Kb6 57. Rf1 Kb5 58. Rf5+ Kb6 59. Rg4 Kb7 60. Rg6 Kc7 61. Rf7+ Kc8 62. Rg8# 1-0


[Site "https://www.chess.com"]

[Event "Titled Tuesday Blitz April 18 Late 2023"]
[White "Kovalevsky, Stanislav"]
[Black "Georg, Heinz"]
[WhiteFideId "13508598"]
[BlackFideId "4607295"]
[WhiteElo "2174"]
[BlackElo "2262"]
[Result "1-0"]
[Round "09"]
[TimeControl "180+2"]
[Date "2023.04.18"]
[WhiteClock "0:00:12"]
[BlackClock "0:00:20"]

1. c4 f5 2. Nc3 d6 3. g3 e5 4. Bg2 Nf6 5. e3 Be7 6. Nge2 O-O 7. O-O c6 8. d4 Qc7 9. b4 a5 10. b5 e4 11. Qb3 Be6 12. d5 Bf7 13. Rd1 Nbd7 14. Ba3 c5 15. Nf4 Nb6 16. Bf1 a4 17. Qc2 Qc8 18. Rd2 g5 19. Ne6 Bxe6 20. dxe6 Qxe6 21. Rad1 Ng4 22. Nd5 Nxd5 23. Rxd5 Ne5 24. Be2 g4 25. Bb2 Nf3+ 26. Bxf3 gxf3 27. a3 Qg6 28. R1d2 h5 29. Qd1 Rfd8 30. Be5 Qg4 31. Bxd6 Qh3 32. Qf1 Qxf1+ 33. Kxf1 Kf7 34. Rxf5+ Kg6 35. Rfd5 Kf6 36. Bxc5 Bxc5 37. Rxd8 Rxd8 38. Rxd8 Bxa3 39. Ra8 Ke6 40. Rxa4 Bc5 41. Ra8 Kd6 42. Rh8 Kc7 43. Rxh5 Kb6 44. h4 Bd6 45. Rh6 Kc5 46. Rxd6 Kxd6 47. h5 Ke5 48. c5 Kd5 49. h6 1-0


[Site "https://www.chess.com"]

[Event "Titled Tuesday Blitz April 18 Late 2023"]
[White "Kielinkei"]
[Black "Coelho, Ramyres Santana"]
[BlackFideId "2120690"]
[WhiteElo "2411"]
[BlackElo "1888"]
[Result "1-0"]
[Round "09"]
[TimeControl "180+2"]
[Date "2023.04.18"]
[WhiteClock "0:00:50"]
[BlackClock "0:01:06"]

1. e4 c5 2. a3 d6 3. b4 cxb4 4. axb4 Nf6 5. Nc3 g6 6. Bb2 Bg7 7. d3 O-O 8. Nf3 e5 9. Be2 Nc6 10. b5 Nd4 11. O-O Nxe2+ 12. Qxe2 Be6 13. Ng5 Bd7 14. h3 a6 15. bxa6 Rxa6 16. Nf3 Qb6 17. Rfb1 Rxa1 18. Bxa1 Qc7 19. Bb2 b5 20. Qd2 Rb8 21. Ne2 Rc8 22. Rc1 h6 23. c4 bxc4 24. Rxc4 Qb8 25. Rxc8+ Qxc8 26. Ba3 Qa6 27. Qc3 Bb5 28. Nc1 Nh5 29. g3 Qc6 30. Qxc6 Bxc6 31. Bxd6 f5 32. Nxe5 Bxe5 33. Bxe5 fxe4 34. d4 Ng7 35. Bxg7 Kxg7 36. Ne2 g5 37. Nc3 Bd7 38. g4 h5 39. Nxe4 hxg4 40. hxg4 Bxg4 41. Nxg5 Kf6 42. Ne4+ Kf5 43. Nd2 Ke6 44. f3 Bf5 45. Kf2 Kd5 46. Ke3 Bc2 47. Ne4 Ba4 48. Nc3+ Kc4 49. Nxa4 Kb4 50. Nc5 Kc4 51. f4 Kd5 52. Ne4 Ke6 53. Ng3 Kd5 54. f5 Kd6 55. Ke4 Ke7 56. Ke5 Kf7 57. f6 Kf8 58. Ke6 Ke8 59. Ne4 Kf8 60. f7 Kg7 61. Ke7 Kh7 62. f8=Q Kg6 63. Qf6+ Kh7 64. Ng5+ Kg8 65. Qf8# 1-0


[Site "https://www.chess.com"]

[Event "Titled Tuesday Blitz April 18 Late 2023"]
[White "Szente Varga, Fruzsina"]
[Black "Antonio, Jorge Carlos"]
[WhiteFideId "712264"]
[BlackFideId "113190"]
[WhiteElo "1994"]
[BlackElo "2247"]
[Result "1-0"]
[Round "09"]
[TimeControl "180+2"]
[Date "2023.04.18"]
[WhiteClock "0:00:48"]
[BlackClock "0:00:02"]

1. e4 c5 2. Nf3 e6 3. b3 Nc6 4. Bb2 d5 5. exd5 exd5 6. Bb5 Qe7+ 7. Qe2 Qxe2+ 8. Kxe2 Ne7 9. Re1 f6 10. Kf1 Kf7 11. d4 cxd4 12. Nxd4 Nxd4 13. Bxd4 Bf5 14. c4 a6 15. Ba4 b5 16. cxb5 Bd3+ 17. Kg1 axb5 18. Nc3 bxa4 19. Nxa4 Nf5 20. Bb2 Bb4 21. Red1 Bb5 22. Nb6 Rad8 23. Nxd5 Be7 24. a4 Bc6 25. Nb6 Rxd1+ 26. Rxd1 Bb4 27. h3 h5 28. Rc1 Be4 29. Rc4 Ba5 30. Nd7 Nd6 31. Rd4 Bc7 32. Ba3 Ke6 33. Nc5+ Ke5 34. Bb2 Kf5 35. Na6 Rc8 36. Nxc7 Rxc7 37. Rxd6 Rc2 38. Bd4 h4 39. Be3 Rb2 40. Rb6 g5 41. a5 Bc2 42. b4 Bd3 43. Rxf6+ 1-0


[Site "https://www.chess.com"]

[Event "Titled Tuesday Blitz April 18 Late 2023"]
[White "micke12a"]
[Black "Kohler, Aran"]
[BlackFideId "1002856"]
[WhiteElo "2360"]
[BlackElo "2256"]
[Result "1-0"]
[Round "09"]
[TimeControl "180+2"]
[Date "2023.04.18"]
[WhiteClock "0:00:08"]
[BlackClock "0:00:07"]

1. e4 c6 2. d4 d5 3. e5 c5 4. dxc5 e6 5. Nf3 Bxc5 6. Bd3 Ne7 7. O-O Ng6 8. a3 Nc6 9. b4 Be7 10. Re1 a6 11. Bb2 O-O 12. Nbd2 b6 13. c4 Bb7 14. cxd5 Qxd5 15. Be4 Qd8 16. Nc4 Rb8 17. Qxd8 Rfxd8 18. Nxb6 Ncxe5 19. Nxe5 Bxe4 20. Ned7 Rb7 21. Rxe4 Rbxd7 22. Nxd7 Rxd7 23. Rd4 Ra7 24. Rc1 f6 25. Rc8+ Kf7 26. Rdc4 Rd7 27. Rd4 Ra7 28. g3 Ne5 29. Kg2 f5 30. f4 Ng4 31. h3 Ne3+ 32. Kf3 Nd5 33. Rdc4 Rd7 34. Bd4 Bf6 35. Bxf6 gxf6 36. Rd4 Ra7 37. a4 Rb7 38. Rcc4 Ke7 39. g4 fxg4+ 40. hxg4 Kd6 41. f5 e5 42. Rd3 Rxb4 43. Rxb4 Kc5 44. Rxd5+ Kxb4 45. Rxe5 fxe5 46. f6 Kxa4 47. f7 Kb3 48. f8=Q a5 49. Qe7 a4 50. Qxe5 a3 51. Qa1 a2 52. Kf4 h6 53. Kf5 Ka3 54. Qc3+ Ka4 55. Qb2 a1=Q 56. Qxa1+ Kb3 57. Qh1 1-0


[Site "https://www.chess.com"]

[Event "Titled Tuesday Blitz April 18 Late 2023"]
[White "Bogaudinov, Rushan"]
[Black "Osmonbekov, Talaibek"]
[WhiteFideId "4129288"]
[BlackFideId "2017253"]
[WhiteElo "1967"]
[BlackElo "2135"]
[Result "0-1"]
[Round "09"]
[TimeControl "180+2"]
[Date "2023.04.18"]
[WhiteClock "0:00:17"]
[BlackClock "0:00:16"]

1. a3 e5 2. b4 f5 3. Bb2 d6 4. d4 e4 5. d5 Nf6 6. c4 Be7 7. e3 O-O 8. Ne2 Nbd7 9. h4 Ng4 10. g3 Bf6 11. Nd4 Nde5 12. Bg2 Nd3+ 13. Kf1 Ngxf2 14. Qe2 Nxh1 15. Bxh1 Nxb2 16. Qxb2 Qe8 17. Nd2 c5 18. dxc6 bxc6 19. c5 dxc5 20. bxc5 Kh8 21. Bg2 Be5 22. Kf2 Qg6 23. Nf1 Ba6 24. h5 Qxh5 25. Qc1 Qg6 26. Ne2 Bxa1 27. Qxa1 Bxe2 28. Kxe2 Rab8 29. Qe5 Rb1 30. Nd2 Qg4+ 31. Kf2 Rd1 32. Nc4 h6 33. Qb2 Rd5 34. Ne5 Qg5 35. Bf1 f4 36. exf4 Qxe5 37. Qc1 e3+ 38. Kf3 Qd4 39. Be2 Rxc5 40. Qb1 Qd5+ 41. Kg4 Qd2 42. Kf3 Rc2 43. Ba6 Qf2+ 44. Kg4 e2 45. Bd3 e1=Q 46. Qxc2 Qxc2 47. Bxc2 Qe2+ 48. Kh4 Qxc2 0-1


[Site "https://www.chess.com"]

[Event "Titled Tuesday Blitz April 18 Late 2023"]
[White "mjelcic"]
[Black "lluiss"]
[WhiteElo "2191"]
[BlackElo "2307"]
[Result "1/2-1/2"]
[Round "09"]
[TimeControl "180+2"]
[Date "2023.04.18"]
[WhiteClock "0:01:04"]
[BlackClock "0:00:46"]

1. c4 Nf6 2. Nc3 d5 3. d4 g6 4. Nf3 Bg7 5. e3 O-O 6. b3 c5 7. Bb2 cxd4 8. exd4 Nc6 9. Be2 Bg4 10. Nxd5 Nxd5 11. cxd5 Qxd5 12. O-O Rad8 13. h3 Bf5 14. Rc1 Nxd4 15. Nxd4 Bxd4 16. Bf3 Be4 17. Bxd4 Qxd4 18. Qxd4 Rxd4 19. Bxe4 Rxe4 20. Rc7 Rb8 21. Rd1 a5 22. Rdd7 a4 23. bxa4 Ra8 24. Rxb7 Raxa4 25. Rxe7 Rxe7 26. Rxe7 Rxa2 27. g3 Kg7 28. Re3 h5 29. h4 Rb2 30. Kg2 Ra2 31. Rb3 Rc2 32. Rb7 Ra2 33. Rc7 Rb2 34. Ra7 Rd2 35. Rb7 Rd3 1/2-1/2


[Site "https://www.chess.com"]

[Event "Titled Tuesday Blitz April 18 Late 2023"]
[White "Vargas Rodriguez, Wilver"]
[Black "Smith, Garrett L"]
[WhiteFideId "3509672"]
[BlackFideId "2024829"]
[WhiteElo "2224"]
[BlackElo "2299"]
[Result "1-0"]
[Round "09"]
[TimeControl "180+2"]
[Date "2023.04.18"]
[WhiteClock "0:00:09"]
[BlackClock "0:00:15"]

1. e4 c5 2. Nf3 Nc6 3. d4 cxd4 4. Nxd4 e5 5. Nf3 Nf6 6. Nc3 Bb4 7. Bc4 O-O 8. O-O Bxc3 9. bxc3 Nxe4 10. Ba3 d6 11. Qd5 Nxc3 12. Qxd6 Qxd6 13. Bxd6 Re8 14. Ng5 Nd8 15. Bb4 h6 16. Nxf7 Nxf7 17. Bxc3 Be6 18. Bb3 Rac8 19. Bb4 a6 20. Rfe1 Bxb3 21. cxb3 Rc2 22. Rec1 Rec8 23. Rxc2 Rxc2 24. f3 Ng5 25. Be7 Ne6 26. Bd6 Re2 27. Kf1 Nf4 28. Re1 Rxe1+ 29. Kxe1 Nxg2+ 30. Kf2 Nf4 31. Ke3 Ng6 32. Ke4 Kf7 33. Bxe5 Nxe5 34. Kxe5 g5 35. Kd6 Kf6 36. Kc7 b5 37. Kb6 Kf5 38. Kxa6 b4 39. Kb5 Kf4 40. Kxb4 Kxf3 41. a4 Kg2 42. a5 Kxh2 43. a6 g4 44. a7 g3 45. a8=Q g2 46. Qb8+ Kh1 47. Qb7 Kh2 48. Qc7+ Kh3 49. Qd7+ Kg3 50. Qd6+ Kf2 51. Qf4+ Ke1 52. Qe3+ Kf1 53. Qf3+ Kg1 54. Kc4 Kh2 55. Qh5+ Kg1 56. Qxh6 1-0


[Site "https://www.chess.com"]

[Event "Titled Tuesday Blitz April 18 Late 2023"]
[White "tandercat"]
[Black "Ardila, Oscar Humberto"]
[BlackFideId "4404742"]
[WhiteElo "1986"]
[BlackElo "1918"]
[Result "0-1"]
[Round "09"]
[TimeControl "180+2"]
[Date "2023.04.18"]
[WhiteClock "0:00:01"]
[BlackClock "0:01:23"]

1. d4 Nf6 2. c4 e6 3. Nc3 Bb4 4. f3 O-O 5. a3 Bxc3+ 6. bxc3 c5 7. e3 Qa5 8. Bd2 Nc6 9. Bd3 d6 10. Ne2 Qc7 11. O-O b6 12. Qc2 Ba6 13. Rae1 Na5 14. Qa2 cxd4 15. cxd4 Bxc4 16. Bxc4 Qxc4 17. Qxc4 Nxc4 18. Bb4 a5 19. Rc1 Rfc8 20. Rxc4 Rxc4 21. Bxd6 Rc2 22. Nf4 Nd5 23. Nxd5 exd5 24. h3 Re8 25. Bf4 f6 26. Re1 Re6 27. e4 Kf7 28. Kh2 g5 29. Bg3 h5 30. h4 g4 31. exd5 Rxe1 32. Bxe1 gxf3 33. Kg1 Rxg2+ 34. Kf1 Ke7 35. Bc3 Rc2 0-1


[Site "https://www.chess.com"]

[Event "Titled Tuesday Blitz April 18 Late 2023"]
[White "QuiesPrecatio"]
[Black "Kovacevic, Radmila"]
[BlackFideId "933171"]
[WhiteElo "2428"]
[BlackElo "2194"]
[Result "0-1"]
[Round "09"]
[TimeControl "180+2"]
[Date "2023.04.18"]
[WhiteClock "0:00:03"]
[BlackClock "0:00:06"]

1. e4 e5 2. Nf3 d5 3. exd5 e4 4. Qe2 Nf6 5. Nc3 Be7 6. Nxe4 O-O 7. d3 Nxd5 8. Qd1 f5 9. Nc3 Bb4 10. Bd2 Re8+ 11. Be2 Bxc3 12. bxc3 Qf6 13. c4 Nc3 14. Bxc3 Qxc3+ 15. Nd2 Qe5 16. Nf3 Qc3+ 17. Kf1 Nc6 18. Qe1 Qxc2 19. Qd2 Qxd2 20. Nxd2 Nd4 21. Re1 Bd7 22. Nf3 Ne6 23. Ne5 Ba4 24. Bf3 c6 25. Bd1 Bxd1 26. Rxd1 Rad8 27. g3 Nd4 28. f4 g5 29. Kf2 Ne6 30. fxg5 Nxg5 31. Rhe1 Kg7 32. d4 Ne4+ 33. Ke3 Nc3 34. Rd2 Ne4 35. Rb2 b5 36. Rc1 c5 37. Nc6 cxd4+ 38. Nxd4 bxc4 39. Nxf5+ Kf6 40. Nh4 c3 41. Rbc2 Rd2 42. Rxd2 cxd2 43. Rc6+ Kg7 44. Ke2 Rd8 45. Kd1 Nf2+ 0-1


[Site "https://www.chess.com"]

[Event "Titled Tuesday Blitz April 18 Late 2023"]
[White "Alexikov, Alexander"]
[Black "De Souza, Cristiano Gomes"]
[WhiteFideId "14103958"]
[BlackFideId "2151758"]
[WhiteElo "2186"]
[BlackElo "2068"]
[Result "1-0"]
[Round "09"]
[TimeControl "180+2"]
[Date "2023.04.18"]
[WhiteClock "0:00:49"]
[BlackClock "0:01:47"]

1. e4 c5 2. Nf3 d6 3. Bb5+ Bd7 4. a4 g6 5. c3 Bg7 6. d4 cxd4 7. cxd4 a6 8. Bxd7+ Nxd7 9. Nc3 Rc8 10. O-O e6 11. a5 Ne7 12. Bg5 O-O 13. Qb3 Rc7 14. Rfe1 h6 15. Be3 Nc6 16. Qa3 Nf6 17. h3 d5 18. e5 Ne4 19. Red1 Nxc3 20. bxc3 Ne7 21. Rdb1 Qd7 22. Rb3 Rfc8 23. Rab1 Nf5 24. Bd2 Bf8 25. Qa2 h5 26. Ne1 Be7 27. Nd3 Qd8 28. Rxb7 Bg5 29. f4 Bh4 30. Qb2 Nxd4 31. Rxc7 Qxc7 32. cxd4 Qc4 33. Rc1 1-0


[Site "https://www.chess.com"]

[Event "Titled Tuesday Blitz April 18 Late 2023"]
[White "KorolDimitriy75"]
[Black "Simonovic, Miroslav"]
[BlackFideId "919152"]
[WhiteElo "2357"]
[BlackElo "2042"]
[Result "1-0"]
[Round "09"]
[TimeControl "180+2"]
[Date "2023.04.18"]
[WhiteClock "0:00:31"]
[BlackClock "0:00:21"]

1. d4 Nf6 2. c4 c5 3. d5 b5 4. Nd2 bxc4 5. e4 d6 6. Bxc4 Nbd7 7. b3 Ne5 8. Ngf3 Nxc4 9. bxc4 g6 10. Bb2 Bg7 11. O-O O-O 12. h3 Rb8 13. Bc3 Bd7 14. Re1 Ne8 15. Bxg7 Nxg7 16. e5 Qa5 17. exd6 exd6 18. Ne4 Qd8 19. Nxd6 Bxh3 20. Ne4 Bg4 21. Qd3 Bxf3 22. Qxf3 Qa5 23. Nf6+ Kh8 24. Nd7 Nf5 25. Nxb8 Rxb8 26. g4 Nd4 27. Qxf7 Qd8 28. Re7 Nf3+ 29. Kh1 Qxe7 30. Qxe7 1-0


[Site "https://www.chess.com"]

[Event "Titled Tuesday Blitz April 18 Late 2023"]
[White "Dahlgren, James Allen"]
[Black "Mikheev, Stanislav"]
[WhiteFideId "22256873"]
[BlackFideId "4135920"]
[WhiteElo "2184"]
[BlackElo "2230"]
[Result "1-0"]
[Round "09"]
[TimeControl "180+2"]
[Date "2023.04.18"]
[WhiteClock "0:00:47"]
[BlackClock "0:01:38"]

1. e4 e5 2. Nf3 Nc6 3. Bc4 Nf6 4. Ng5 d5 5. exd5 Na5 6. Bb5+ c6 7. dxc6 bxc6 8. Be2 h6 9. Nf3 e4 10. Ne5 Bd6 11. f4 O-O 12. d4 exd3 13. Bxd3 Re8 14. O-O Bxe5 15. fxe5 Qb6+ 16. Kh1 Ng4 17. Qf3 Be6 18. Nc3 Rad8 19. Qg3 Kh8 20. h3 Nxe5 21. Qxe5 Bxh3 22. Qg3 Be6 23. b3 Nb7 24. Bb2 Nc5 25. Ne4 Nxd3 26. Qxg7# 1-0


[Site "https://www.chess.com"]

[Event "Titled Tuesday Blitz April 18 Late 2023"]
[White "Ng, Gary"]
[Black "Broca Jimenez, Fernando"]
[WhiteFideId "2604914"]
[BlackFideId "5104742"]
[WhiteElo "2297"]
[BlackElo "2062"]
[Result "1-0"]
[Round "09"]
[TimeControl "180+2"]
[Date "2023.04.18"]
[WhiteClock "0:00:16"]
[BlackClock "0:00:08"]

1. d4 g6 2. Be3 Bg7 3. Nc3 Nf6 4. h4 O-O 5. f3 d6 6. Qd2 e5 7. d5 Nh5 8. g4 Ng3 9. Rh3 Nxf1 10. Kxf1 f5 11. Bg5 Bf6 12. gxf5 Bxf5 13. Rg3 Bxg5 14. hxg5 c5 15. dxc6 Nxc6 16. Rd1 Nd4 17. e3 Ne6 18. e4 Nd4 19. exf5 Rxf5 20. Nce2 Ne6 21. Qxd6 Qe8 22. Qd7 Nc5 23. Qxe8+ Rxe8 24. Kg2 e4 25. fxe4 Nxe4 26. Rg4 Nxg5 27. Ng3 Rfe5 28. Nf3 Nxf3 29. Kxf3 Rf8+ 30. Rf4 Rfe8 31. Rd7 Re3+ 32. Kf2 R8e7 33. Rxe7 Rxe7 34. Ne4 Kg7 35. Nc3 g5 36. Rc4 Rf7+ 37. Kg3 h5 38. Rc5 Kg6 39. Ne4 h4+ 40. Kg2 Rf3 41. Kxf3 1-0


[Site "https://www.chess.com"]

[Event "Titled Tuesday Blitz April 18 Late 2023"]
[White "Torres Dominguez, David"]
[Black "Bueno, Alfeu Junior Varela"]
[WhiteFideId "2220857"]
[BlackFideId "2108879"]
[WhiteElo "1999"]
[BlackElo "2175"]
[Result "1-0"]
[Round "09"]
[TimeControl "180+2"]
[Date "2023.04.18"]
[WhiteClock "0:00:15"]
[BlackClock "0:00:03"]

1. e4 e6 2. d4 d5 3. exd5 exd5 4. Bd3 Nc6 5. c3 Bd6 6. Qf3 Nf6 7. Bf4 Bg4 8. Qe3+ Be7 9. h3 Bh5 10. Ne2 Qd7 11. Nd2 O-O-O 12. O-O-O Rde8 13. Qg3 Bg6 14. Bb5 Nh5 15. Qf3 Qf5 16. Ba4 Nxf4 17. Qxf4 Bg5 18. Qxf5+ Bxf5 19. Ng3 Bg6 20. Rde1 h5 21. Rxe8+ Rxe8 22. Kd1 h4 23. Ne2 Bh5 24. Re1 Re6 25. f3 Rg6 26. Bc2 Rf6 27. Nc1 Bg6 28. Nd3 Na5 29. b3 Bf5 30. Nc5 Kd8 31. b4 b6 32. Nd3 Rg6 33. bxa5 Bxd2 34. Kxd2 Rxg2+ 35. Re2 Rg3 36. Nf4 Bxc2 37. Kxc2 Rxf3 38. Nxd5 Rxh3 39. axb6 axb6 40. a4 Rg3 41. Rh2 h3 42. Nf4 g5 43. Nxh3 f5 44. Ng1 Rxg1 45. Rh5 f4 46. Kd2 Rg2+ 47. Kd3 Kd7 48. Ke4 Rg3 49. c4 Kc6 50. Rh6+ Kb7 51. Rg6 1-0


[Site "https://www.chess.com"]

[Event "Titled Tuesday Blitz April 18 Late 2023"]
[White "Garmash, Aliona"]
[Black "Atanasov, Radislav"]
[WhiteFideId "34127620"]
[BlackFideId "2901471"]
[WhiteElo "1959"]
[BlackElo "2077"]
[Result "0-1"]
[Round "09"]
[TimeControl "180+2"]
[Date "2023.04.18"]
[WhiteClock "0:00:09"]
[BlackClock "0:00:08"]

1. d4 Nf6 2. c4 c5 3. d5 e6 4. Nc3 exd5 5. cxd5 d6 6. Nf3 g6 7. Bf4 Bg7 8. Qa4+ Bd7 9. Qb3 b5 10. Bxd6 Qb6 11. Be5 O-O 12. e3 c4 13. Qd1 b4 14. Nb1 Rc8 15. Be2 Bf5 16. Nbd2 c3 17. bxc3 bxc3 18. Nc4 c2 19. Qc1 Qb4+ 20. Nfd2 Nbd7 21. Bd4 Nxd5 22. Bxg7 Kxg7 23. a3 Qa4 24. O-O Rab8 25. e4 Nf4 26. Bf3 Nd3 27. exf5 Nxc1 28. Raxc1 Rxc4 29. Nxc4 Qxc4 30. fxg6 hxg6 31. Rfe1 Nc5 32. h3 Rb2 33. Be4 Nb3 0-1


[Site "https://www.chess.com"]

[Event "Titled Tuesday Blitz April 18 Late 2023"]
[White "Michalski, Olaf"]
[Black "Buchenau, Frank"]
[WhiteFideId "1106740"]
[BlackFideId "4604350"]
[WhiteElo "2173"]
[BlackElo "2157"]
[Result "0-1"]
[Round "09"]
[TimeControl "180+2"]
[Date "2023.04.18"]
[WhiteClock "0:00:05"]
[BlackClock "0:01:56"]

1. d4 e6 2. Nf3 Nf6 3. c4 b6 4. a3 Ba6 5. Qc2 Bb7 6. Nc3 c5 7. e4 cxd4 8. Nxd4 Bc5 9. Nb3 Nc6 10. Bd3 Ne5 11. Nxc5 bxc5 12. Be3 Qc7 13. Nb5 Qc6 14. f3 d5 15. cxd5 exd5 16. O-O Nxd3 17. Qxd3 c4 18. exd5 Qxb5 0-1


[Site "https://www.chess.com"]

[Event "Titled Tuesday Blitz April 18 Late 2023"]
[White "Seder, Mohammed"]
[Black "Chemin, Justo Reinaldo"]
[WhiteFideId "11505567"]
[BlackFideId "2101580"]
[WhiteElo "1862"]
[BlackElo "1940"]
[Result "1-0"]
[Round "09"]
[TimeControl "180+2"]
[Date "2023.04.18"]
[WhiteClock "0:00:25"]
[BlackClock "0:00:01"]

1. e4 e6 2. d4 d5 3. Nd2 dxe4 4. Nxe4 Qd5 5. Bd3 f5 6. Nc3 Qxg2 7. Qf3 Qxf3 8. Nxf3 c6 9. Bf4 Nf6 10. Ne5 Nbd7 11. Nc4 Bb4 12. Nd6+ Ke7 13. Nxc8+ Raxc8 14. Bd2 Rhe8 15. O-O-O b5 16. Rhe1 Kf7 17. a3 Bxc3 18. Bxc3 Ng4 19. Re2 Nxh2 20. Rh1 Ng4 21. Rxh7 Rh8 22. Rxh8 Rxh8 23. d5 cxd5 24. Bxb5 Ndf6 25. f3 Rh1+ 26. Kd2 Nh6 27. Ba6 Rh3 28. Bc8 Rxf3 29. Bxe6+ Kg6 30. Bxf6 Kxf6 31. Bxd5 Rg3 32. Re6+ Kg5 33. Re7 g6 34. Rxa7 f4 35. c4 Nf5 36. c5 f3 37. c6 Rg2+ 38. Kc3 Ne3 39. Bxf3 Rg3 40. c7 Rxf3 41. c8=Q Nf5+ 42. Kb4 Rf4+ 43. Ka5 Re4 44. Rc7 Kf4 45. Rc4 g5 46. Rxe4+ Kxe4 47. b4 g4 48. b5 g3 49. b6 Nd6 50. Qc6+ Ke5 51. b7 1-0


[Site "https://www.chess.com"]

[Event "Titled Tuesday Blitz April 18 Late 2023"]
[White "Romero Ruscalleda, Josep"]
[Black "Oliveira, Tiago Batista"]
[WhiteFideId "2231859"]
[BlackFideId "2108291"]
[WhiteElo "2183"]
[BlackElo "1962"]
[Result "1-0"]
[Round "09"]
[TimeControl "180+2"]
[Date "2023.04.18"]
[WhiteClock "0:00:14"]
[BlackClock "0:00:08"]

1. e4 c5 2. c3 Nc6 3. Nf3 Nf6 4. e5 Nd5 5. Bc4 Nb6 6. Bb3 c4 7. Bc2 d5 8. exd6 Qxd6 9. O-O Bg4 10. Re1 e6 11. Qe2 Be7 12. Na3 Qc5 13. b4 Qh5 14. Be4 O-O 15. h3 Bxf3 16. Bxf3 Qh4 17. Qe4 Qxe4 18. Rxe4 Bf6 19. Rb1 Ne5 20. Be2 Rac8 21. f4 Nd3 22. Bxd3 cxd3 23. Nb5 Rfd8 24. Rb3 a6 25. Na3 Bd4+ 26. Kf1 g6 27. Bb2 Bf6 28. Kf2 Nd5 29. Nc4 b5 30. Na5 Bg7 31. a4 Bh6 32. g3 Bf8 33. axb5 axb5 34. Ra3 Nf6 35. Re3 Be7 36. Ra1 Rb8 37. Nc6 Ra8 38. Nxe7+ Kf8 39. Nc6 Rxa1 40. Bxa1 Ra8 41. Na5 Nd5 42. Re5 Nb6 43. Bb2 Nc4 44. Nxc4 bxc4 45. Re1 Ra2 46. Rb1 Ke7 47. Ke3 Kd6 48. Kd4 f6 49. Kxc4 e5 50. fxe5+ Kxe5 51. Kxd3 1-0


[Site "https://www.chess.com"]

[Event "Titled Tuesday Blitz April 18 Late 2023"]
[White "Sariego Figueredo, Wilfredo"]
[Black "ritanovikova"]
[WhiteFideId "3500080"]
[WhiteElo "2309"]
[BlackElo "2126"]
[Result "0-1"]
[Round "09"]
[TimeControl "180+2"]
[Date "2023.04.18"]
[WhiteClock "0:00:05"]
[BlackClock "0:01:27"]

1. d4 d5 2. Bf4 Nf6 3. e3 e6 4. Bd3 Bd6 5. Bg3 Bxg3 6. hxg3 h6 7. Nd2 b6 8. Qe2 Bb7 9. c3 c5 10. Ndf3 c4 11. Bc2 Nc6 12. O-O-O b5 13. Ne5 Nxe5 14. dxe5 Nd7 15. f4 Qb6 16. Nf3 a5 17. Nd4 b4 18. Ba4 Ke7 19. Bxd7 Kxd7 20. Qc2 g6 21. Qa4+ Bc6 22. Nxc6 Qxc6 23. Qxc6+ Kxc6 24. e4 a4 25. exd5+ exd5 26. cxb4 a3 27. Rd2 axb2+ 28. Rxb2 Kb5 29. Kc2 d4 30. g4 d3+ 31. Kc3 Ra3+ 32. Kd4 Rd8+ 33. Ke4 d2 34. Rd1 c3 35. Rc2 Kc4 36. f5 Rd4+ 37. Kf3 Rd3+ 38. Ke4 Ra6 39. fxg6 fxg6 40. b5 Ra8 41. b6 Rb8 42. e6 Rxb6 43. Ke5 Rd5+ 44. Kf6 Rdd6 45. Kxg6 Rxe6+ 46. Kh5 Re5+ 47. Kh4 Kd3 48. Rcxd2+ cxd2 49. g3 Re1 50. Rxd2+ Kxd2 51. a4 Rg6 52. a5 Rh1# 0-1


[Site "https://www.chess.com"]

[Event "Titled Tuesday Blitz April 18 Late 2023"]
[White "Stanisz, Patryk"]
[Black "Dias, Joao Batista"]
[WhiteFideId "1123106"]
[BlackFideId "2108240"]
[WhiteElo "2069"]
[BlackElo "1907"]
[Result "1-0"]
[Round "09"]
[TimeControl "180+2"]
[Date "2023.04.18"]
[WhiteClock "0:00:27"]
[BlackClock "0:01:22"]

1. d4 d5 2. c4 c6 3. Nc3 Nf6 4. Nf3 e6 5. e3 Be7 6. Qc2 O-O 7. Bd3 Nbd7 8. O-O h6 9. e4 dxe4 10. Nxe4 Nxe4 11. Bxe4 Nf6 12. Bd3 b6 13. b3 Bb7 14. Bb2 Qc7 15. Rad1 Qf4 16. Bc1 Qc7 17. Rfe1 Rad8 18. Ne5 Rd6 19. Ba3 Rdd8 20. Bb2 Rfe8 21. Qe2 Bf8 22. Nf3 Qf4 23. Bb1 c5 24. dxc5 Bxf3 25. Qxf3 Qxf3 26. gxf3 Bxc5 27. Bxf6 gxf6 28. f4 f5 29. Bc2 Kg7 30. Kg2 Kf6 31. Kf3 Rg8 32. h3 Bb4 33. Rxd8 Rxd8 34. Rd1 Rxd1 35. Bxd1 Ke7 36. Ke3 Bc5+ 37. Ke2 Kd6 38. Bc2 f6 39. f3 Bd4 40. Kd3 Kc5 41. b4+ Kxb4 42. Kxd4 Ka3 43. Bb3 a5 44. c5 bxc5+ 45. Kxc5 e5 46. fxe5 fxe5 47. Kd5 e4 48. fxe4 f4 49. e5 f3 50. Bc4 Kb4 51. e6 1-0


[Site "https://www.chess.com"]